 Dungeon Crawl Stone Soup version 0.21-a0-55-gb612c23 (webtiles) character file.

1625352 xgamer67 the Slayer (level 27, 228/228 HPs)
             Began as a Human Wanderer on June 14, 2017.
             Was the Champion of Ashenzari.
             Escaped with the Orb
             ... and 3 runes on June 15, 2017!
             The game lasted 05:20:34 (81722 turns).

xgamer67 the Slayer (Human Wanderer)               Turns: 81722, Time: 05:20:34

Health: 228/228    AC: 37    Str: 25    XL:     27
Magic:  40/40      EV: 27    Int: 18    God:    Ashenzari [******]
Gold:   1326       SH:  5    Dex: 17    Spells: 0/52 levels left

rFire    + + .     SeeInvis +   a - +7 great sword (elec) (curse)
rCold    + . .     Gourm    .   (shield currently unavailable)
rNeg     + + +     Faith    .   Q - +8 fire dragon scales (curse)
rPois    +         Spirit   +   D - +2 hat of the Bear Spirit {Spirit, +Rage rN+ MR++} (curse)
rElec    .         Reflect  +   C - +2 cloak (curse)
rCorr    .         Harm     .   n - +1 pair of gloves {Str+3} (curse)
MR       +++++     Clarity  +   o - +2 pair of boots {Fly} (curse)
Stlth    +.........             k - amulet of Arghiklo {Reflect rN+ Str+2 SH+5 Stlth+} (curse)
HPRegen  0.48/turn              I - ring "Bikitig" {rPois rC++ Str+4} (curse)
MPRegen  0.27/turn              J - ring "Owoaheost" {*Corrode +Fly rN+ MR+ Slay+2} (curse)

@: flying
A: no striking features
0: Orb of Zot
}: 3/15 runes: decaying, silver, gossamer
a: Curse Item, Scrying, Transfer Knowledge, Renounce Religion, Evoke Berserk
Rage, Stop Flying


You escaped.
You worshipped Ashenzari.
Ashenzari was exalted by your worship.
You were not hungry.

You visited 9 branches of the dungeon, and saw 49 of its levels.
You visited the Abyss 1 time.
You also visited: Labyrinth, Bailey, Ice Cave and Wizlab.

You collected 7005 gold pieces.
You spent 5679 gold pieces at shops.

Inventory:

Hand Weapons
 a - a cursed +7 great sword of electrocution (weapon)
Armour
 b - the cursed +0 pair of boots "Tuedghoxt" {rElec Regen+ Int-5 SInv}
   (You found it on level 2 of the Abyss)

   It affects your intelligence (-5).
   It insulates you from electricity.
   It lets you see invisible.
   It increases your rate of regeneration.
   It has a curse placed upon it.
 n - a cursed +1 pair of gloves of strength (worn)
 o - a cursed +2 pair of boots of flying (worn)
 C - a cursed +2 cloak (worn)
 D - the cursed +2 hat of the Bear Spirit (worn) {Spirit, +Rage rN+ MR++}
   (You found it in a labyrinth)

   It protects you from negative energy.
   It affects your resistance to hostile enchantments.
   It lets you go berserk.
   It has a curse placed upon it.
 Q - cursed +8 fire dragon scales (worn)
Jewellery
 k - the cursed amulet of Arghiklo (around neck) {Reflect rN+ Str+2 SH+5 Stlth+}
   (You found it on level 3 of the Lair of Beasts)

   [amulet of reflection]

   It shields you and reflects attacks.
   It affects your strength (+2).
   It protects you from negative energy.
   It affects your SH (+5).
   It makes you more stealthy.
   It has a curse placed upon it.
 l - the ring of Desertification {rElec Str-4 Int+6 Dex+5}
   (You bought it in a shop on level 1 of the Depths)

   [ring of intelligence]

   It affects your strength (-4).
   It affects your intelligence (+6).
   It affects your dexterity (+5).
   It insulates you from electricity.
 q - an uncursed ring of resist corrosion
 I - the cursed ring "Bikitig" (left hand) {rPois rC++ Str+4}
   (You bought it in a shop on level 1 of the Depths)

   [ring of poison resistance]

   It affects your strength (+4).
   It greatly protects you from cold.
   It protects you from poison.
   It has a curse placed upon it.
 J - the cursed ring "Owoaheost" (right hand) {*Corrode +Fly rN+ MR+ Slay+2}
   (You found it on level 6 of the Dungeon)

   [ring of positive energy]

   It affects your accuracy and damage with ranged weapons and melee attacks
   (+2).
   It protects you from negative energy.
   It affects your resistance to hostile enchantments.
   It lets you fly.
   It may corrode you when you take damage.
   It has a curse placed upon it.
 W - a +4 amulet of reflection
Wands
 g - a wand of clouds (2/9)
 i - a wand of paralysis (8/24)
 u - a wand of digging (9/24)
 y - a wand of polymorph (10/24)
 z - a wand of digging (11/24)
 F - a wand of disintegration (10/24)
 R - a wand of iceblast (12/15)
 Z - a wand of clouds (3/9)
Scrolls
 c - 14 scrolls of teleportation
 h - 8 scrolls of identify
 s - 5 scrolls of fog
 E - 4 scrolls of recharging
 G - 2 scrolls of summoning
 M - a scroll of amnesia
 N - 4 scrolls of blinking
 P - a scroll of magic mapping
 S - 2 scrolls of fear
 X - 5 scrolls of remove curse
Potions
 e - 7 potions of resistance
 j - 12 potions of brilliance
 m - 10 potions of heal wounds
 p - 3 potions of magic
 r - 9 potions of cancellation
 v - a potion of agility
 x - 2 potions of ambrosia
 O - 16 potions of curing
 U - 2 potions of might
 V - 2 potions of invisibility
Books
 Y - a Grand Grimoire

   Spells                             Type                      Level
   a - Monstrous Menagerie            Summoning                    7
   b - Summon Greater Demon           Summoning                    7
   c - Malign Gateway                 Summoning/Translocation      7
   d - Summon Horrible Things         Summoning                    8
Miscellaneous
 d - 5 sacks of spiders
 t - 2 boxes of beasts
 B - a lightning rod (4/4)
 H - a lamp of fire
 L - a fan of gales
 T - a phial of floods
Comestibles
 f - 27 bread rations
 w - a meat ration


   Skills:
 + Level 21.1 Fighting
 - Level 17.0(22.0) Long Blades
   Level 1.0 Axes
 - Level 1.0 Throwing
 + Level 20.0(23.5) Armour
 + Level 20.0(23.5) Dodging
 - Level 3.0 Stealth
   Level 4.0 Shields
 - Level 13.1 Spellcasting
 - Level 10.1(14.3) Charms
 - Level 14.0(18.0) Summonings
 - Level 10.0(14.2) Necromancy
 - Level 14.4(18.4) Translocations
 - Level 9.4(13.7) Ice Magic
 - Level 10.1(14.3) Air Magic
 - Level 8.0(12.4) Evocations


You couldn't memorise any spells.
You knew the following spells:

 Your Spells              Type           Power        Failure   Level  Hunger
a - Death Channel         Necr           ######....   4%          6    ######.
b - Animate Skeleton      Necr           N/A          1%          1    None
c - Simulacrum            Ice/Necr       ######....   4%          6    ######.
d - Agony                 Necr           ######..     1%          5    ####...
e - Regeneration          Chrm/Necr      ######....   1%          3    None
f - Deflect Missiles      Chrm/Air       ######....   3%          6    ######.
g - Spectral Weapon       Hex/Chrm       #####...     1%          3    None
h - Recall                Summ/Tloc      N/A          0%          3    None
i - Malign Gateway        Summ/Tloc      ######....   4%          7    #######
j - Lesser Beckoning      Tloc           ######....   0%          3    None
A - Swiftness             Chrm/Air       ######..     1%          2    None
B - Summon Lightning Spi  Summ/Air       ######..     1%          4    #......
C - Apportation           Tloc           ######       0%          1    None
D - Blink                 Tloc           N/A          0%          2    None


Dungeon Overview and Level Annotations

Branches:
Dungeon (15/15)            Temple (0/1) D:5            Lair (6/6) D:11
  Swamp (4/4) Lair:3       Spider (4/4) Lair:3        Slime (0/5) Lair:5
    Orc (2/2) D:11            Elf (3/3) Orc:2        Vaults (5/5) D:13
  Crypt (0/3) Vaults:3     Depths (5/5) D:15            Zot (5/5) Depths:5

Altars:
Ashenzari
Cheibriados
Makhleb
Qazlal
Ru
Sif Muna
Vehumet
Beogh
Jiyva

Shops:
D:8 (   Orc:1 ?   Orc:2 (=[*   Elf:1 }   Vaults:5 [(=!   Depths:1 }==
Depths:5 }

Portals:
Hell: Depths:1 Depths:2 Depths:3 Depths:4 Depths:5
Abyss: Depths:1 Depths:4
Pandemonium: Depths:3
Ziggurat: Depths:3
Trove: Vaults:3 (give 7 potions of haste)

Annotations:
Elf:2 3 runed doors
Zot:4 Tiamat


Message History

You fly upwards.
There is a stone staircase leading down here.
There is a stone staircase leading up here.
You fly upwards.
There is a stone staircase leading down here.
There is a stone staircase leading up here.
You fly upwards.
There is a stone staircase leading down here.
There is a stone staircase leading up here.
You fly upwards.
A bat comes into view.
There is a stone staircase leading down here.
You block the bat's attack.
You see here a +0 short sword.
You cut the bat into ribbons!!!
You kill the bat!
No target in view!
There is a stone staircase leading down here.
There is a staircase leading out of the dungeon here.
You have escaped!

#....# #.....#...#......).......
#########.....#♣.♣###.........###
..........#...#♣.♣ ##.##...#.#
..........#...#♣.♣ #.###.##.#
..........#.###♣.♣####.# #.##.#
###########.# ♣.♣#....###.##.#
#....# #.## ♣.♣#........##.#
#....# ##.##♣.♣#.#########(#
#....# ##.#♣@♣#....# #.# #....#
#.#♣.♣#....# #.### #....#
#.#♣.♣#....#### #.... #....#
#.#♣.♣#.....(.# ##### #....#
#.#♣.♣#....##(#
#.###########.#♣.♣#....##(####
#.............#♣.♣#..........#
.....#####....#♣.♣#####..#.#.#
###### #.##.#...## #....).###


There were no monsters in sight!

Vanquished Creatures
  7 ancient liches
  A juggernaut (Depths:4)
  Margery (Depths:1)
  A curse toe (Zot:5)
  A Killer Klown (Zot:5)
  A caustic shrike (Depths:2)
  4 golden dragons
  Arachne (Spider:2)
  the Enchantress (Depths:5)
  3 electric golems
  Jorgrun (Vaults:2)
  5 liches
  An iron giant (Zot:2)
  A Cloud Mage (WizLab)
  2 deep elf blademasters (Elf:3)
  10 tentacled monstrosities
  16 Orb Guardians
  Rupert (Lair:6)
  2 quicksilver dragons (Zot:1)
  4 titans (Vaults:5)
  2 deep elf master archers (Elf:3)
  3 sphinxes
  4 death cobs
  7 shadow dragons
  2 thorn hunters
  Kirke (Swamp:2)
  7 storm dragons
  5 tengu reavers
  Roxanne (Swamp:4)
  10 draconian monks
  6 draconian knights
  10 fire giants
  3 iron dragons (Vaults:5)
  2 draconian scorchers
  11 frost giants
  10 deep elf sorcerers
  Aizul (Vaults:2)
  7 ghost moths
  4 emperor scorpions
  11 vault wardens
  3 deep elf elementalists
  2 draconian annihilators
  A ghoul (Vaults:2)
  2 draconian stormcallers (Zot:1)
  2 draconian shifters
  10 spriggan defenders
  25 stone giants
  16 ironheart preservers
  21 very ugly things
  4 entropy weavers
  10 green draconians
  5 war gargoyles
  Azrael (Orc:2)
  A vampire knight (Depths:1)
  8 red draconians
  8 deep elf demonologists
  A lorocyproca (Depths:5)
  7 black draconians
  5 deep elf annihilators
  4 yellow draconians
  2 spark wasps (Spider:4)
  The ghost of kal9871 the Scorcher, a journeyman OpFE of Sif Muna (Lair:6)
  8 small abominations
  8 purple draconians
  3 white draconians
  2 dire elephants (Lair:6)
  Snorg (Lair:6)
  15 ettins
  12 deep elf death magi
  An eidolon (Depths:3)
  A minotaur (Lab)
  Josephine (D:12)
  4 deep elf high priests
  12 yaktaur captains
  A fire dragon (shapeshifter) (Depths:2)
  2 jiangshi
  6 great orbs of eyes
  8 fire dragons
  6 rakshasas
  30 vault guards
  15 hydras
  7 spriggan air magi
  2 ghost crabs
  15 ice dragons
  16 centaur warriors
  38 two-headed ogres
  2 anacondas
  4 alligators
  2 catoblepae
  2 death knights
  A titan zombie (Vaults:4)
  10 deep troll shamans
  4 orc high priests
  10 deep troll earth magi
  4 tengu warriors
  14 ogre magi
  23 dancing weapons
  Urug (D:15)
  2 vampire magi
  10 hell knights
  9 spriggan berserkers
  5 thrashing horrors (Abyss:2)
  20 deep elf knights
  4 soul eaters
  5 iron trolls
  A storm dragon zombie (Vaults:3)
  A wretched star (Abyss:2)
  4 shadow wraiths
  2 unseen horrors
  8 skeletal warriors
  11 swamp dragons
  A swamp dragon (shapeshifter) (Depths:2)
  An iron troll (shapeshifter) (Vaults:5)
  A sixfirhy (Abyss:2)
  2 death drakes (Depths:3)
  21 deep trolls
  A storm dragon skeleton (Vaults:4)
  3 spriggan druids
  4 flayed ghosts
  15 deep elf archers
  11 glowing orange brains
  2 orange crystal statues (Depths:3)
  3 spectral hydras (Depths:3)
  A spectral minotaur (Depths:3)
  A sea snake (Depths:1)
  An obsidian statue (D:13)
  A shambling mangrove (Swamp:3)
  9 phantasmal warriors
  7 wizards
  16 ironbrand convokers
  7 harpies (Vaults:1)
  A harpy (shapeshifter) (D:14)
  15 orc knights
  13 orb spiders
  31 wolf spiders
  7 orc sorcerers
  6 cyclopes
  66 deep elf magi
  8 necromancers
  A mana viper (Depths:3)
  24 ugly things
  2 manticores
  2 moths of wrath (shapeshifter) (D:14)
  20 moths of wrath
  23 elephants
  5 human skeletons
  An oklob plant (Orc:1)
  A faun (Depths:1)
  An apocalypse crab (Abyss:2)
  10 black mambas
  A black mamba (shapeshifter) (Vaults:5)
  17 vault sentinels
  Maurice (D:10)
  A dire elephant zombie (Abyss:2)
  A torpor snail (Spider:2)
  An eye of devastation (Abyss:2)
  17 spiny frogs
  2 spiny frogs (shapeshifter)
  3 gargoyles
  A shock serpent zombie (Abyss:2)
  3 kobold demonologists (D:14)
  4 centaur skeletons
  2 efreet
  10 demonic crawlers
  3 komodo dragons
  46 yaktaurs
  2 rime drakes
  An ice devil (Abyss:2)
  2 anaconda simulacra (Depths:3)
  2 ancient zymes (Abyss:2)
  2 queen bees
  A tormentor (Abyss:2)
  9 freezing wraiths
  3 hellwings
  A jumping spider (shapeshifter) (Vaults:3)
  The ghost of seren the Sneak, a novice DEWz of Sif Muna (D:5)
  2 tengu conjurers
  13 trolls
  5 polar bears (Lair:6)
  2 spectral merfolk (Depths:3)
  9 meliai
  A merfolk (Depths:1)
  24 jumping spiders
  A wolf spider simulacrum (D:15)
  4 tyrant leeches
  8 wind drakes (WizLab)
  24 hornets
  54 slime creatures
  22 blink frogs
  Grinder (D:3)
  A hippogriff (shapeshifter) (D:14)
  A meliai zombie (D:13)
  4 raiju (Abyss:2)
  5 bog bodies
  A raiju (shapeshifter) (Vaults:4)
  A stone giant simulacrum (Vaults:4)
  11 hippogriffs
  8 dream sheep
  A redback (shapeshifter) (Vaults:3)
  An ettin zombie (Vaults:3)
  16 spriggans
  56 redbacks
  30 air elementals
  5 shadows
  3 human simulacra (Vaults:3)
  19 tarantellas
  2 spriggans (shapeshifter)
  5 water elementals
  14 wraiths
  6 vampires
  2 hogs (Swamp:2)
  12 humans (D:13)
  2 wyverns
  A neqoxec (Abyss:2)
  8 basilisks
  A fire bat (Depths:5)
  6 fire elementals
  44 yaks
  A hog (shapeshifter) (Vaults:4)
  7 hungry ghosts
  2 chaos spawn (Abyss:2)
  30 vampire mosquitoes
  A steam dragon (D:11)
  10 wargs
  15 swamp worms
  A warg (shapeshifter) (Vaults:5)
  20 insubstantial wisps
  3 acid dragons
  A soldier ant (shapeshifter) (Depths:1)
  13 water moccasins
  3 spectral spriggans (Depths:3)
  10 hell hounds
  8 porcupines
  A spectral troll (Depths:3)
  13 swamp drakes
  4 ice beasts
  A snapping turtle zombie (Depths:3)
  2 eyes of draining
  2 sky beasts (D:10)
  3 black bears
  35 orc warriors
  12 boggarts
  44 ogres
  4 wolves (Depths:3)
  32 centaurs
  4 big kobolds
  9 crocodiles
  3 human zombies
  14 bullfrogs
  3 earth elementals
  A merfolk simulacrum (Depths:3)
  2 wyvern skeletons
  A water moccasin zombie (D:8)
  A scorpion (shapeshifter) (Vaults:5)
  4 scorpions
  55 killer bees
  A spectral naga (Depths:3)
  3 howler monkeys
  3 troll skeletons (Lab)
  2 spriggan skeletons (Lab)
  7 wights
  An electric eel (Lair:4)
  3 spectral centaurs (Depths:3)
  9 crimson imps
  5 centaur zombies
  4 quasits
  9 hounds
  An iron imp (Depths:4)
  7 jellies
  A jelly (shapeshifter) (Elf:3)
  3 bullfrog skeletons
  17 orc priests
  2 gnoll shamans
  4 iguanas
  21 orc wizards
  20 worker ants
  An ogre skeleton (Lab)
  A hound skeleton (D:11)
  10 gnolls
  11 adders
  7 shadow imps
  An ufetubus (Zot:2)
  An ooze (D:1)
  2 adder skeletons
  An adder zombie (D:8)
  A worm (D:2)
  A dart slug (D:3)
  5 leopard geckos
  86 orcs
  6 giant cockroaches
  11 goblins
  6 hobgoblins
  10 jackals
  5 quokkas
  A ball python (D:3)
  6 bats
  4 frilled lizards
  21 kobolds
  A leopard gecko skeleton (D:8)
  A quokka skeleton (D:4)
  7 rats
  A crawling corpse (Elf:3)
  9 plants
2316 creatures vanquished.

Vanquished Creatures (collateral kills)
  Mennas (Depths:5)
  4 orbs of fire (Zot:5)
  3 ancient liches
  Sojobo (Depths:4)
  A Killer Klown (Zot:5)
  2 golden dragons (Vaults:5)
  A bone dragon (Depths:5)
  3 tentacled monstrosities (Vaults:5)
  7 Orb Guardians (Zot:5)
  4 titans (Vaults:5)
  A sphinx (Vaults:5)
  2 shadow dragons
  4 tengu reavers
  A thorn hunter (Swamp:2)
  2 draconian monks (Zot:2)
  A frost giant (Vaults:5)
  5 vault wardens
  A deep elf sorcerer (Vaults:5)
  A fire giant (Vaults:4)
  2 iron dragons
  A draconian shifter (Depths:5)
  2 deep elf elementalists (Vaults:5)
  An emperor scorpion (Spider:2)
  A spriggan defender (Depths:5)
  5 ironheart preservers
  2 very ugly things
  2 entropy weavers
  2 green draconians
  A stone giant (Vaults:3)
  2 purple draconians (Depths:5)
  A deep elf annihilator (Vaults:3)
  3 black draconians
  A dire elephant (Lair:6)
  3 yellow draconians
  A deep elf death mage (Vaults:5)
  A spark wasp (Spider:4)
  3 ettins
  A crystal guardian (Vaults:1)
  4 yaktaur captains
  2 deep elf high priests
  2 ogre magi
  A great orb of eyes (Vaults:1)
  3 ice dragons
  A jiangshi (Depths:3)
  A spriggan air mage (Depths:5)
  6 vault guards
  A centaur warrior (Depths:4)
  6 hydras
  7 two-headed ogres
  2 alligators (Swamp:3)
  A tengu warrior (Depths:3)
  2 deep troll shamans
  A spriggan berserker (Depths:5)
  2 skeletal warriors (D:14)
  2 iron trolls
  A flayed ghost (Depths:3)
  7 deep trolls
  A spriggan druid (Swamp:1)
  2 shambling mangroves (Swamp:4)
  2 wizards
  2 deep elf archers (Vaults:5)
  4 harpies (Vaults:1)
  A necromancer (D:13)
  6 orb spiders
  6 ugly things
  An orc knight (Vaults:4)
  5 ironbrand convokers
  4 deep elf magi
  7 wolf spiders
  An orc sorcerer (Orc:2)
  A shining eye (Abyss:2)
  A cyclops (D:13)
  2 moths of wrath
  A centaur zombie (D:14)
  3 vault sentinels
  A black mamba (Lair:6)
  3 elephants (Lair:6)
  A spiny frog (Lair:1)
  A centaur skeleton (D:13)
  2 demonic crawlers
  2 komodo dragons
  5 yaktaurs
  15 jumping spiders
  A tyrant leech (Swamp:1)
  A tengu conjurer (D:14)
  A troll (shapeshifter) (D:14)
  3 bog bodies
  5 hornets
  5 blink frogs
  6 slime creatures
  4 dream sheep
  A centaur simulacrum (D:14)
  3 air elementals
  3 spriggans (Depths:5)
  A shadow (Swamp:2)
  2 tarantellas
  2 water elementals
  14 redbacks
  2 basilisks
  A fire elemental (Depths:5)
  3 humans (D:13)
  A fire bat (Depths:5)
  3 yaks
  7 vampire mosquitoes
  2 wargs
  5 swamp worms
  3 hell hounds
  A porcupine (Lair:3)
  A spectral spriggan (Depths:3)
  4 swamp drakes
  An orc warrior (Vaults:3)
  An ice beast (D:14)
  A black bear (D:9)
  An eye of draining (shapeshifter) (Vaults:5)
  8 ogres
  3 centaurs
  2 crocodiles
  2 bullfrogs
  4 killer bees
  A spectral ogre (Depths:3)
  A hound (D:14)
  An adder (D:9)
  A worm (shapeshifter) (Vaults:5)
  An orc (Orc:1)
  A briar patch (Swamp:1)
  4 crawling corpses (Vaults:5)
  A fungus (Lair:2)
  4 plants
335 creatures vanquished.

Vanquished Creatures (others)
  15 eldritch tentacles
  A tengu reaver (Vaults:5)
  A draconian monk (Zot:2)
  2 draconian knights (Zot:1)
  A deep elf high priest (Vaults:5)
  An ice dragon (Zot:2)
  A deep elf mage (Elf:3)
  2 moths of wrath (Zot:5)
  A kobold demonologist (Elf:1)
  A human (Swamp:2)
  An insubstantial wisp (WizLab)
  An orc warrior (Vaults:1)
  An eye of draining (Abyss:2)
  A centaur (Depths:3)
  An ogre (Depths:3)
  A crawling corpse (Elf:3)
  11 fungi
  23 plants
66 creatures vanquished.

Grand Total: 2717 creatures vanquished

Notes
Turn   | Place    | Note
-------+----------+-------------------------------------------
     0 | D:1      | xgamer67 the Human Wanderer began the quest for the Orb.
     0 | D:1      | xgamer67 set off with: a wand of flame (15/48), a +0 hand axe, a scroll of teleportation, a +0 robe, a bread ration
     0 | D:1      | Reached XP level 1. HP: 18/18 MP: 1/1
   147 | D:1      | Found a shattered altar of Ashenzari.
   283 | D:1      | Reached XP level 2. HP: 24/24 MP: 2/2
   590 | D:1      | Became a worshipper of Ashenzari the Shackled
  1047 | D:1      | Reached skill level 4 in Fighting
  1047 | D:1      | Reached XP level 3. HP: 30/30 MP: 3/3
  2362 | D:2      | Reached XP level 4. HP: 34/38 MP: 4/4
  2579 | D:2      | Reached * piety under Ashenzari
  3117 | D:3      | Noticed Grinder
  3509 | D:3      | Reached skill level 5 in Fighting
  3751 | D:3      | Reached XP level 5. HP: 23/44 MP: 5/5
  4197 | D:4      | Got the falchion of the Harvest {freeze, Str+5}
  4198 | D:4      | Identified the +10 falchion of the Harvest {freeze, Str+5} (You found it on level 4 of the Dungeon)
  4359 | D:4      | Reached skill level 1 in Long Blades
  4693 | D:4      | Reached XP level 6. HP: 51/51 MP: 6/6
  4695 | D:4      | Noticed an ogre
  4703 | D:4      | Killed an ogre
  5058 | D:5      | Entered Level 5 of the Dungeon
  5093 | D:5      | Reached XP level 7. HP: 56/56 MP: 7/7
  5295 | D:5      | Noticed seren's ghost (novice DEWz)
  5301 | D:5      | Found a snail-covered altar of Cheibriados.
  5418 | D:5      | Reached ** piety under Ashenzari
  5491 | D:5      | Reached skill level 5 in Long Blades
  5561 | D:5      | Learned a level 2 spell: Blink
  5980 | D:5      | Reached XP level 8. HP: 55/62 MP: 8/8
  6114 | D:6      | Found a large runed door.
  6114 | D:6      | Found a large runed door.
  6129 | D:6      | Identified the ring "Owoaheost" {*Corrode +Fly rN+ MR+ Slay+2}
  6631 | D:6      | Found a large runed door.
  6634 | D:6      | Found a large runed door.
  6996 | D:6      | Noticed a vampire
  6996 | D:6      | Noticed a hippogriff
  7006 | D:6      | Killed a hippogriff
  7006 | D:6      | Reached XP level 9. HP: 68/68 MP: 9/9
  7168 | D:7      | Reached *** piety under Ashenzari
  7186 | D:7      | Found a flagged portal.
  7200 | Bailey   | Entered a bailey
  8386 | D:8      | Reached skill level 5 in Armour
  8462 | D:8      | Found Qusin's Antique Weapon Boutique.
  8496 | D:8      | Noticed a hippogriff
  8503 | D:8      | Killed a hippogriff
  8503 | D:8      | Reached skill level 5 in Dodging
  8796 | D:8      | Noticed a two-headed ogre
  8968 | D:5      | Found a staircase to the Ecumenical Temple.
  9215 | D:5      | Reached skill level 10 in Long Blades
  9371 | D:5      | Killed seren's ghost
  9371 | D:5      | Reached XP level 10. HP: 70/74 MP: 10/10
  9750 | D:3      | Killed Grinder
  9808 | D:3      | Reached **** piety under Ashenzari
 10361 | D:8      | Killed a two-headed ogre
 10595 | D:8      | Found a burning altar of Makhleb.
 10595 | D:8      | Noticed a blizzard demon
 11228 | D:9      | Reached skill level 6 in Fighting
 11347 | D:9      | Learned a level 1 spell: Animate Skeleton
 11552 | D:9      | Got the uncursed ring mail "Ostaw" {MR+}
 11596 | D:9      | Noticed a two-headed ogre
 11607 | D:9      | Killed a two-headed ogre
 11607 | D:9      | Reached skill level 7 in Fighting
 11607 | D:9      | Reached XP level 11. HP: 60/84 MP: 9/11
 11842 | D:9      | Noticed a two-headed ogre
 11846 | D:9      | Killed a two-headed ogre
 12291 | D:10     | Entered Level 10 of the Dungeon
 12314 | D:9      | Identified the +1 ring mail "Ostaw" {MR+} (You found it on level 9 of the Dungeon)
 12368 | D:10     | Noticed a two-headed ogre
 12376 | D:10     | Killed a two-headed ogre
 12376 | D:10     | Reached skill level 8 in Fighting
 12486 | D:10     | Reached ***** piety under Ashenzari
 13026 | D:10     | Noticed Maurice
 13050 | D:10     | Killed Maurice
 13209 | D:10     | Learned a level 2 spell: Call Imp
 13324 | D:10     | Found a deep blue altar of Sif Muna.
 13382 | D:10     | Noticed a two-headed ogre
 13395 | D:10     | Killed a two-headed ogre
 13395 | D:10     | Reached skill level 9 in Fighting
 13676 | D:11     | Noticed a white ugly thing
 13691 | D:11     | Killed a white ugly thing
 13802 | D:11     | Found a staircase to the Lair.
 13920 | D:11     | Reached XP level 12. HP: 96/96 MP: 12/12
 13997 | D:11     | Noticed a seven-headed hydra
 14007 | D:11     | Killed a seven-headed hydra
 14096 | D:11     | Found a staircase to the Orcish Mines.
 14370 | D:12     | Noticed a five-headed hydra
 14381 | D:12     | Killed an 11-headed hydra
 14381 | D:12     | Reached skill level 10 in Fighting
 15035 | D:12     | Found a sacrificial altar of Ru.
 15083 | D:12     | Noticed a centaur warrior
 15105 | D:12     | Killed a centaur warrior
 15122 | D:12     | Reached skill level 11 in Fighting
 15663 | D:12     | Noticed Josephine
 15674 | D:12     | Killed Josephine
 15674 | D:12     | Reached skill level 10 in Dodging
 15674 | D:12     | Reached XP level 13. HP: 106/106 MP: 13/13
 15822 | Lair:1   | Entered Level 1 of the Lair of Beasts
 15919 | Lair:1   | Reached skill level 10 in Armour
 16498 | Lair:1   | Reached skill level 5 in Evocations
 16643 | Lair:1   | Reached ****** piety under Ashenzari
 16647 | Lair:1   | Reached skill level 12 in Fighting
 17216 | Lair:2   | Found a labyrinth entrance.
 17238 | Lab      | Entered a labyrinth
 17992 | Lab      | Noticed a minotaur
 18001 | Lab      | Killed a minotaur
 18008 | Lab      | Learned a level 2 spell: Swiftness
 18071 | Lab      | Got the uncursed ring mail of Objectivity {rC+ Int+4}
 18204 | Lab      | Identified the +5 ring mail of Objectivity {rC+ Int+4} (You found it in a labyrinth)
 19095 | Lair:3   | Reached XP level 14. HP: 112/116 MP: 19/19
 19121 | Lair:3   | Found a staircase to the Swamp.
 19144 | Lair:3   | Found a frozen archway.
 19153 | IceCv    | Entered an ice cave
 19717 | Lair:3   | Identified the amulet of Arghiklo {Reflect rN+ Str+2 SH+5 Stlth+}
 19986 | Lair:3   | Found a hole to the Spider Nest.
 20251 | Lair:4   | Reached skill level 13 in Fighting
 20315 | Lair:4   | Learned a level 3 spell: Regeneration
 20446 | Lair:4   | Reached skill level 1 in Charms
 20446 | Lair:4   | Reached skill level 1 in Necromancy
 20553 | Lair:4   | Reached skill level 1 in Spellcasting
 20560 | Lair:4   | Reached skill level 1 in Translocations
 21384 | Lair:5   | Reached skill level 1 in Summonings
 21384 | Lair:5   | Reached skill level 1 in Air Magic
 21616 | Lair:5   | Found a viscous altar of Jiyva.
 21616 | Lair:5   | Found a staircase to the Slime Pits.
 22230 | Lair:6   | Entered Level 6 of the Lair of Beasts
 22790 | Lair:6   | Reached XP level 15. HP: 123/123 MP: 19/21
 22831 | Lair:6   | Noticed Snorg
 22850 | Lair:6   | Killed Snorg
 23124 | Lair:6   | Noticed Rupert
 23143 | Lair:6   | Killed Rupert
 23255 | Lair:6   | Identified a scroll of acquirement
 23383 | Lair:6   | Noticed kal9871's ghost (journeyman OpFE)
 23394 | Lair:6   | Killed kal9871's ghost
 24583 | D:13     | Identified the +2 pair of gloves of Bedevilment {+Blink rPois rC- Str-3}
 24704 | D:13     | Learned a level 4 spell: Animate Dead
 24800 | D:13     | Learned a level 2 spell: Corpse Rot
 25246 | D:13     | Learned a level 2 spell: Passwall
 25497 | D:13     | Reached skill level 5 in Necromancy
 25525 | D:13     | Found a gate to the Vaults.
 26014 | D:14     | Reached XP level 16. HP: 130/130 MP: 22/22
 26806 | D:14     | Reached skill level 14 in Fighting
 27331 | D:14     | Noticed a storm dragon
 27347 | D:14     | Killed a storm dragon
 27420 | D:14     | Learned a level 5 spell: Agony
 27653 | D:14     | Identified the +10 trident of Distant Worlds {drain, *Corrode +Rage Str+2} (You took it off a kobold demonologist on level 14 of the Dungeon)
 27672 | D:14     | Identified the +8 war axe "Qegin" {freeze, rPois rF- rN+++ Str-5} (You took it off a kobold on level 14 of the Dungeon)
 28388 | Orc:1    | Entered Level 1 of the Orcish Mines
 28391 | Orc:1    | Found a radiant altar of Vehumet.
 28428 | Orc:1    | Found Heatag's Magic Scroll Emporium.
 28444 | Orc:1    | Reached skill level 5 in Spellcasting
 28621 | Orc:1    | Bought a scroll of blinking for 127 gold pieces
 29687 | Orc:2    | Entered Level 2 of the Orcish Mines
 29705 | Orc:2    | Found a roughly hewn altar of Beogh.
 29787 | Orc:2    | Found a staircase to the Elven Halls.
 29856 | Orc:2    | Noticed Azrael
 29880 | Orc:2    | Killed Azrael
 29880 | Orc:2    | Reached skill level 15 in Fighting
 29880 | Orc:2    | Reached XP level 17. HP: 30/141 MP: 6/25
 30534 | Orc:2    | Found Dehaosk's General Store.
 31401 | Orc:2    | Found Ynnunu's Antique Weapon Boutique.
 31410 | Orc:2    | Found Tiekkust's Armour Shoppe.
 31410 | Orc:2    | Found Lenic's Jewellery Shoppe.
 31454 | Orc:2    | Bought a scroll of remove curse for 39 gold pieces
 31501 | Orc:2    | Bought a lamp of fire for 520 gold pieces
 31503 | Orc:2    | Bought a +2 pair of boots of flying for 322 gold pieces
 31590 | Orc:2    | Bought a scroll of magic mapping for 45 gold pieces
 31590 | Orc:2    | Bought a scroll of identify for 26 gold pieces
 31600 | Orc:2    | Bought an uncursed ring of resist corrosion for 260 gold pieces
 31677 | Orc:1    | Bought a scroll of teleportation for 51 gold pieces
 31677 | Orc:1    | Bought a scroll of identify for 34 gold pieces
 31677 | Orc:1    | Bought a scroll of identify for 34 gold pieces
 31677 | Orc:1    | Bought a scroll of magic mapping for 59 gold pieces
 31677 | Orc:1    | Bought a scroll of identify for 34 gold pieces
 31764 | D:15     | Entered Level 15 of the Dungeon
 31855 | D:15     | Noticed Nessos
 31856 | D:15     | Noticed Nessos
 31856 | D:15     | Nessos changed into Nessos the dream sheep
 31864 | D:15     | Killed Nessos the dream sheep
 32155 | D:15     | Noticed Urug
 32173 | D:15     | Killed Urug
 32173 | D:15     | Reached skill level 1 in Shields
 32551 | D:15     | Found a staircase to the Depths.
 32990 | Swamp:1  | Entered Level 1 of the Swamp
 32990 | Swamp:1  | Identified the +0 ring mail of the Princess {rC+}
 33942 | Swamp:1  | Noticed a thorn hunter
 33964 | Swamp:1  | Killed a thorn hunter
 34465 | Swamp:2  | Identified the +3 leather armour of the Valley {+Fly Int+8 Dex+4 Stlth-}
 34558 | Swamp:2  | Noticed Kirke
 34569 | Swamp:2  | Noticed a thorn hunter
 34573 | Swamp:2  | Killed Kirke
 34581 | Swamp:2  | Killed a thorn hunter
 35883 | Swamp:3  | Reached XP level 18. HP: 135/148 MP: 24/27
 36242 | Swamp:4  | Entered Level 4 of the Swamp
 36948 | Swamp:4  | Noticed Roxanne
 36994 | Swamp:4  | Killed Roxanne
 38128 | Swamp:4  | Got a decaying rune of Zot
 38457 | Spider:1 | Entered Level 1 of the Spider Nest
 39797 | Spider:1 | Identified the Handbook of Unreason
 40296 | Spider:2 | Reached skill level 15 in Dodging
 40322 | Spider:2 | Reached skill level 15 in Armour
 40912 | Spider:2 | Identified the Tome of Attacks and Augmentations
 41035 | Spider:2 | Reached XP level 19. HP: 31/155 MP: 9/28
 41644 | Spider:2 | Noticed Arachne
 41652 | Spider:2 | Killed Arachne
 43011 | Spider:4 | Entered Level 4 of the Spider Nest
 44433 | Spider:4 | Got a gossamer rune of Zot
 45397 | Vaults:1 | Entered Level 1 of the Vaults
 45397 | Vaults:1 | Found a magical portal.
 45879 | Vaults:1 | Reached XP level 20. HP: 160/162 MP: 30/30
 46098 | WizLab   | Entered The Chambers of the Cloud Mage
 46731 | WizLab   | Noticed Powon
 46758 | WizLab   | Killed Powon the Cloud Mage
 46934 | WizLab   | Identified the +10 quick blade "Jinuuhy" {venom, +Blink Int+7}
 46989 | WizLab   | Identified the Papyrus of the Butterfly
 46996 | WizLab   | Identified the Disquisition on the Birds
 47373 | Orc:1    | Bought a scroll of enchant weapon for 127 gold pieces
 47373 | Orc:1    | Bought a scroll of enchant armour for 127 gold pieces
 49868 | Vaults:2 | Noticed Jorgrun
 49872 | Vaults:2 | Reached skill level 15 in Long Blades
 49882 | Vaults:2 | Killed Jorgrun
 49908 | Vaults:2 | Noticed Aizul
 49924 | Vaults:2 | Killed Aizul
 51072 | Vaults:3 | Reached XP level 21. HP: 160/168 MP: 31/33
 52021 | Vaults:3 | Reached skill level 16 in Fighting
 53006 | Vaults:3 | Found a portal to a secret trove of treasure.
 53344 | Vaults:3 | Found a staircase to the Crypt.
 53459 | Vaults:4 | Reached XP level 22. HP: 149/179 MP: 28/34
 54812 | Vaults:4 | Reached skill level 17 in Fighting
 56106 | Depths:1 | Entered Level 1 of the Depths
 56215 | Depths:1 | Noticed Margery
 56257 | Depths:1 | Killed Margery
 56508 | Depths:1 | Found a one-way gate to the infinite horrors of the Abyss.
 56520 | Depths:1 | Found a gateway to Hell.
 57008 | Depths:1 | Found Erimu's Jewellery Shop.
 57009 | Depths:1 | Found Ishraxt's Gadget Shoppe.
 57010 | Depths:1 | Found Joihonul's Jewellery Shop.
 57018 | Depths:1 | Bought a wand of scattershot (3/9) for 273 gold pieces
 57021 | Depths:1 | Bought the ring "Bikitig" {rPois rC++ Str+4} for 1005 gold pieces
 57114 | Depths:1 | Reached XP level 23. HP: 188/188 MP: 35/35
 57836 | Depths:1 | Bought a phantom mirror for 390 gold pieces
 57836 | Depths:1 | Bought a box of beasts for 260 gold pieces
 57983 | Vaults:1 | Learned a level 6 spell: Deflect Missiles
 57988 | Vaults:1 | Learned a level 4 spell: Summon Lightning Spire
 59359 | Depths:2 | Noticed a caustic shrike
 59370 | Depths:2 | Killed a caustic shrike
 59397 | Depths:2 | Reached skill level 18 in Fighting
 59408 | Depths:2 | Reached skill level 5 in Charms
 59583 | Depths:2 | Identified Sif Muna's Collected Works on the Voyage and Evil Arts
 59589 | Depths:2 | Learned a level 3 spell: Teleport Other
 59619 | Depths:2 | Identified the Guide on Creative Boosts
 60459 | Depths:3 | Reached skill level 5 in Summonings
 60504 | Depths:3 | Reached skill level 5 in Air Magic
 60682 | Depths:3 | Found a one-way gate leading to the halls of Pandemonium.
 60684 | Depths:3 | Identified the +9 halberd of Doubt {venom, +Blink Str+2}
 60684 | Depths:3 | Identified the +0 ring mail of Fisa {rF+ MR++ Str-2}
 60689 | Depths:3 | Reached XP level 24. HP: 194/194 MP: 35/35
 60703 | Depths:3 | Reached XP level 25. HP: 201/201 MP: 35/35
 60784 | Depths:3 | Noticed an ancient lich
 60798 | Depths:3 | Killed an ancient lich
 60964 | Depths:3 | Found a gateway to a ziggurat.
 60989 | Depths:3 | Reached XP level 26. HP: 177/208 MP: 14/35
 61219 | Depths:3 | Identified Oneuhudd's Disquisition on Unholy Rites and Earth
 62435 | Depths:4 | Noticed a juggernaut
 62474 | Depths:4 | Killed a juggernaut
 62474 | Depths:4 | Reached skill level 10 in Charms
 62614 | Depths:4 | Learned a level 6 spell: Simulacrum
 62702 | Depths:4 | Reached skill level 1 in Ice Magic
 63462 | Depths:5 | Entered Level 5 of the Depths
 63470 | Depths:5 | Noticed Sojobo
 63471 | Depths:5 | Noticed Mennas
 63829 | Elf:1    | Entered Level 1 of the Elven Halls
 63845 | Elf:1    | Reached skill level 10 in Air Magic
 63882 | Elf:1    | Found Gichyar's Gadget Shoppe.
 64337 | Elf:1    | Reached skill level 10 in Spellcasting
 64559 | Elf:1    | Reached skill level 10 in Necromancy
 64559 | Elf:1    | Reached XP level 27. HP: 214/214 MP: 37/37
 65072 | Elf:2    | Reached skill level 5 in Ice Magic
 65356 | Elf:2    | Found a runed gate.
 65358 | Elf:2    | Found a runed gate.
 65359 | Elf:2    | Found a runed gate.
 65417 | Elf:2    | Learned a level 3 spell: Spectral Weapon
 65927 | Elf:3    | Entered Level 3 of the Elven Halls
 67123 | Elf:3    | Identified the cursed +0 robe of Suzer {rPois} (You took it off a deep elf mage on level 3 of the Elven Halls)
 67221 | Elf:3    | Identified the +7 quarterstaff of Circularity {crush, rC+ Str+3} (You took it off a deep elf archer on level 3 of the Elven Halls)
 67835 | Elf:3    | Identified the +4 quarterstaff "Hellblazer" {flame, +Blink} (You took it off a deep elf knight on level 3 of the Elven Halls)
 67890 | Elf:3    | Identified the +5 war axe "Eviscerator" {drain, *Corrode +Fly rElec Dex+7} (You took it off a deep elf demonologist on level 3 of the Elven Halls)
 68094 | Elf:3    | Learned a level 1 spell: Apportation
 68096 | Elf:3    | Identified Koatok's Incunabulum of Unstable Confrontation
 68115 | Elf:3    | Learned a level 6 spell: Death Channel
 68123 | Elf:3    | Identified the Incunabulum of Transmigration and Companions
 68124 | Elf:3    | Identified the +2 ring mail of Hepliaklqana's Wrath {Str-3 Int+2 SInv}
 68132 | Elf:3    | Identified the +1 scale mail "Feisuqau" {rElec}
 68158 | Elf:3    | Identified Nuphoj's Handbook of Ashen Attacks
 68401 | Elf:3    | Learned a level 7 spell: Malign Gateway
 68860 | Vaults:5 | Entered Level 5 of the Vaults
 68977 | Vaults:5 | Reached skill level 5 in Translocations
 69081 | Vaults:5 | Noticed an ancient lich
 69090 | Vaults:5 | Killed an ancient lich
 69128 | Vaults:5 | Reached skill level 19 in Fighting
 69296 | Vaults:5 | Got a silver rune of Zot
 69648 | Vaults:5 | Learned a level 3 spell: Recall
 69697 | Vaults:5 | Identified the +5 mace of the Tent {crush, *Drain rF+ Dex+3} (You took it off a vault guard on level 5 of the Vaults)
 70012 | Vaults:5 | Identified the +6 whip of the Dwarven Hall {holy, rElec Str+4} (You took it off a deep elf archer on level 5 of the Vaults)
 70057 | Vaults:5 | Reached skill level 10 in Summonings
 70236 | Vaults:5 | Noticed an ancient lich
 70247 | Vaults:5 | Killed an ancient lich
 70325 | Vaults:5 | Identified the +7 battleaxe "Voedoq" {speed, Fragile rElec rC+++ Dex+3} (You took it off an ironheart preserver on level 5 of the Vaults)
 70673 | Vaults:5 | Identified the ring of Rouv {rN+ Str+3} (You took it off an ironheart preserver on level 5 of the Vaults)
 70931 | Vaults:5 | Reached skill level 10 in Translocations
 71202 | Vaults:5 | Found Idutuh's Distillery.
 71208 | Vaults:5 | Bought a potion of might for 48 gold pieces
 71208 | Vaults:5 | Bought a potion of heal wounds for 60 gold pieces
 71208 | Vaults:5 | Bought a potion of might for 48 gold pieces
 71210 | Vaults:5 | Found Dukoyh's Jewellery Shoppe.
 71216 | Vaults:5 | Found Tipt's Antique Weapon Shop.
 71343 | Vaults:5 | Identified the Reference Book on Quantum Contamination
 71349 | Vaults:5 | Learned a level 3 spell: Lesser Beckoning
 71470 | Vaults:5 | Found Yce Xiag's Antique Armour Emporium.
 71474 | Vaults:5 | Bought a pair of runed gloves for 195 gold pieces
 72517 | Depths:4 | Killed Sojobo
 72849 | Depths:5 | Killed Mennas
 73177 | Depths:5 | Found a gate to the Realm of Zot.
 73244 | Depths:5 | Noticed the Enchantress
 73432 | Depths:5 | Cast into level 2 of the Abyss (the Enchantress)
 73592 | Abyss:2  | Identified the cursed +0 pair of boots "Tuedghoxt" {rElec Regen+ Int-5 SInv}
 73974 | Abyss:2  | Identified the +0 short sword "Goblinbane" {holy, rF+ Str+5 Dex-5}
 73987 | Depths:5 | Escaped the Abyss
 73994 | Depths:5 | Killed the Enchantress
 73994 | Depths:5 | Identified the +5 faerie dragon scales {rC+ rN+++ Regen+ rCorr Int-2} (You took it off the Enchantress on level 5 of the Depths)
 74430 | Depths:5 | Found Fodah's Gadget Shoppe.
 74438 | Depths:5 | Bought a wand of digging (13/24) for 476 gold pieces
 75859 | Depths:1 | Bought the ring of Desertification {rElec Str-4 Int+6 Dex+5} for 1119 gold pieces
 76026 | Zot:1    | Entered Level 1 of the Realm of Zot
 76288 | Zot:1    | Reached skill level 20 in Fighting
 78693 | Zot:2    | Noticed an ancient lich
 78710 | Zot:2    | Killed an ancient lich
 78850 | Zot:2    | Found a stormy altar of Qazlal.
 79098 | Zot:5    | Entered Level 5 of the Realm of Zot
 79441 | Zot:5    | Noticed an ancient lich
 79449 | Zot:5    | Killed an ancient lich
 79652 | Zot:5    | Noticed an ancient lich
 79668 | Zot:5    | Killed an orb of fire
 79677 | Zot:5    | Killed an ancient lich
 79745 | Zot:5    | Noticed an ancient lich
 79753 | Zot:5    | Killed an ancient lich
 79754 | Zot:5    | Killed an ancient lich
 79930 | Zot:5    | Noticed an ancient lich
 79943 | Zot:5    | Killed an ancient lich
 80405 | Zot:5    | Noticed an orb of fire
 80416 | Zot:5    | Killed an orb of fire
 80509 | Zot:5    | Noticed an ancient lich
 80524 | Zot:5    | Killed an ancient lich
 80854 | Zot:5    | Reached skill level 21 in Fighting
 80909 | Zot:5    | Killed an orb of fire
 80909 | Zot:5    | Killed an orb of fire
 81029 | Zot:5    | Got the Orb of Zot
 81082 | Zot:4    | Noticed Tiamat
 81085 | Zot:5    | Noticed an ancient lich
 81722 | D:$      | Escaped with the Orb!

Vault maps used:
D:1:      eino_arrival_tree_alley, serial_co_window_serial,
          co_window_of_opportunity_a, co_window_paths_a, co_window_corner_a,
          co_window_corner_a, co_window_corner_a, co_window_corner_b,
          co_window_2corner, co_window_of_opportunity_b,
          co_window_unsneaky_path_e, co_window_broadway_b, co_window_broadway_a,
          glass_columns_b, glass_columns_a, glass_columns_a,
          nicolae_ashenzari_panopticon
D:2:      first_bread, roderic_lattice_a
D:3:      bh_walls_and_bars, uniq_grinder
D:5:      lemuel_crystal_altar, minmay_temple_entry_from_below_b
D:6:      minmay_hollow_rounded_squares
D:7:      enter_bailey_3, the_bakery
D:8:      serial_shops, nicolae_shop_waterfront, makhleb_altar_promises_db
D:9:      kennysheep_generic_room_13
D:10:     tgw_sif, uniq_maurice
D:11:     lair_entry_dummy, orc_0_dummy
D:12:     basic_altar, uniq_josephine
D:13:     grunt_vaults_entry_tiered, minmay_protected_statue
D:14:     regret_index_tunnel_blossom, serial_glass, glass_columns_a,
          glass_columns_b, item_on_display_a, hangedman_decor_points,
          minmay_checkered_concentric_circles
D:15:     grunt_enter_depths_hoard, uniq_nessos, uniq_urug
Lair:1:   beast_lair_carwin_7, grunt_megastairs_3
Lair:2:   lab_entry_generic, grunt_megastairs_2
Lair:3:   minmay_swamp_entry_wisps, dummy_spider_entry,
          portal_ice_cave_entry_pillars_1, infiniplex_staircase_pool,
          serial_bayou_shore_b, lemuel_fruit_fields
Lair:4:   hangedman_lair_unloving_vines, nicolae_quartered_pool_little,
          lemuel_another_geyser
Lair:5:   dpeg_slime_entry_enclosed_altar
Lair:6:   due_jungle_book, eino_small_chamber_without_monster,
          cheibrodos_lair_lostbears, uniq_rupert, uniq_snorg
Swamp:1:  nicolae_swamp_orc_logging_accident
Swamp:2:  hangedman_swamp_lotus, swamp_pool1, uniq_kirke
Swamp:3:  hangedman_swamp_diagram, swamp_pool1
Swamp:4:  swamp_basic_johnstein, uniq_roxanne
Spider:2: spider_trap, nicolae_spider_stair_cavern, uniq_arachne
Spider:3: special_room
Spider:4: johnstein_spider_rune_arachne_lair
Orc:1:    serial_shops, nicolae_shop_window_shopping, basic_altar, mines3_lemuel
Orc:2:    st_orc_elflike, basic_altar, uniq_azrael
Elf:1:    minmay_elf_arrival_plus, serial_shops,
          nicolae_shop_temple_entry_statues_fountains, hangedman_elf_disciples
Elf:3:    elf_hall, st_stairs_10
Vaults:1: v_rooms_4, ontoclasm_vaults_misaligned,
          nicolae_vaults_disjoint_gnomons, nicolae_vaults_circle_grid_a,
          v_misc_1, nicolae_vaults_big_angled_halls, nicolae_vaults_what_the_h,
          nicolae_vaults_puzzle_piece, nicolae_vaults_asterisk,
          ontoclasm_vaults_tryst, hangedman_vaults_impose, v_misc_30, v_misc_14,
          infiniplex_enter_wizlab_water
Vaults:2: ontoclasm_vaults_misaligned, ontoclasm_vaults_misaligned,
          hangedman_vaults_trim, uniq_jorgrun, uniq_aizul
Vaults:3: vaults_room_hangedman_quadrants, v_pattern_1, v_misc_29,
          dpeg_vaults_monster_box, minmay_crypt_entry_simple_corners,
          nicolae_vaults_little_squares_3, ontoclasm_vaults_gateway,
          vaults_room_semicircle, vaults_dpeg_hooks, enter_trove_6
Vaults:4: v_misc_9, vaults_standard_mumra_enter_the_diamond,
          ontoclasm_vaults_shuriken, hangedman_vaults_corner, st_octagons_2,
          v_misc_27, serial_ice_g, vaults_dpeg_spiral, vaults_room_fancy_cross,
          ontoclasm_vaults_ring_square, nicolae_vaults_windows_and_doors_thing,
          hangedman_vaults_pinch, ontoclasm_vaults_hangar
Depths:1: abyss_entry_crystal, minmay_misc_feat_room, grunt_metal_band,
          kennysheep_potato, minmay_shop_grove, grunt_megastairs_5
Depths:2: minmay_triangles_in_corner, hell_entry
Depths:3: lemuel_river_lethe, serial_shops, hell_entry, pan_entry
Depths:4: minmay_fractal_lines_corner, grunt_hell_entry_dis_grunt, abyss_entry,
          minmay_misc_feat_secret_circle, abandoned_shop,
          infiniplex_staircase_9_rooms
Depths:5: grunt_zot_entry_tricorne, hangedman_decor_diamond_cutter,
          pf_vacation_house_of_asmodeus, serial_shops, shop, uniq_enchantress,
          uniq_sojobo, uniq_margery, uniq_mennas
Zot:2:    regret_index_qazlal_generations
Zot:3:    kennysheep_blocky_hall
Zot:4:    uniq_tiamat
Abyss:2:  minivault_19, minivault_1
Lab:      nicolae_lab_x, nicolae_lab_dead_end, nicolae_lab_garden,
          nicolae_lab_grate_2
Bailey:   bailey_polearm_5, bailey
IceCv:    ice_cave_small_necro
WizLab:   wizlab_cloud

Skill      XL: |  1  2  3  4  5  6  7  8  9 10 11 12 13 14 15 16 17 18 19 20 21 22 23 24 25 26 27 |
---------------+----------------------------------------------------------------------------------+-----
Fighting       | 4 5 7 9 11 12 13 15 16 17 18 21 | 21.1
Dodging        | 2 5 6 8 10 11 12 13 15 16 17 18 20 | 20.0
Long Blades    | 1 4 6 8 10 11 13 15 17 | 17.0
Armour         | 3 5 6 8 9 10 11 12 13 15 16 17 18 20 | 20.0
Evocations     | 7 8 |  8.0
Charms         | 2 4 6 8 10 | 10.1
Necromancy     | 2 5 9 10 | 10.0
Spellcasting   | 2 3 5 6 8 10 13 | 13.1
Translocations | 3 4 14 | 14.4
Summonings     | 2 5 6 14 | 14.0
Air Magic      | 2 5 7 10 | 10.1
Stealth        | 3 |  3.0
Shields        | 4 |  4.0
Ice Magic      | 3 9 |  9.4
Axes           | |  1.0
Throwing       | |  1.0

Action                   |  1- 3 |  4- 6 |  7- 9 | 10-12 | 13-15 | 16-18 | 19-21 | 22-24 | 25-27 || total
-------------------------+-------+-------+-------+-------+-------+-------+-------+-------+-------++-------
Melee: Hand axe          |   151 |    14 |       |       |       |       |       |       |       ||   165
       War axe           |       |    86 |       |       |       |       |       |       |       ||    86
       Falchion          |       |    36 |   189 |   449 |  1129 |  1796 |   735 |       |       ||  4334
       Great sword       |       |       |       |       |       |       |   816 |   879 |  2871 ||  4566
Throw: Tomahawk          |       |       |       |    15 |       |       |       |       |       ||    15
 Cast: Animate Skeleton  |       |       |       |    11 |    96 |    62 |    35 |    36 |   152 ||   392
       Animate Dead      |       |       |       |       |     6 |    48 |    63 |    21 |    19 ||   157
       Regeneration      |       |       |       |       |     6 |    20 |    35 |    43 |   149 ||   253
       Agony             |       |       |       |       |       |       |    10 |       |     1 ||    11
       Deflect Missiles  |       |       |       |       |       |       |       |       |     7 ||     7
       Death Channel     |       |       |       |       |       |       |       |       |    48 ||    48
       Malign Gateway    |       |       |       |       |       |       |       |       |    15 ||    15
       Summon Lightning  |       |       |       |       |       |       |       |       |     4 ||     4
       Recall            |       |       |       |       |       |       |       |       |     2 ||     2
       Apportation       |       |       |       |       |       |       |       |       |     1 ||     1
       Spectral Weapon   |       |       |       |       |       |       |       |       |     1 ||     1
Invok: Curse Item        |       |     1 |     2 |       |     4 |     1 |     3 |     1 |     1 ||    13
 Abil: Evoke Berserk Rag |       |       |       |       |       |       |       |       |     3 ||     3
Evoke: Wand              |       |       |     4 |    23 |    10 |    38 |    17 |    12 |    14 ||   118
       Phial of floods   |       |       |       |       |     1 |     1 |       |     2 |     4 ||     8
       Lamp of fire      |       |       |       |       |       |       |     1 |     2 |     4 ||     7
       Lightning rod     |       |       |       |       |       |       |     4 |       |       ||     4
       Sack of spiders   |       |       |       |       |       |       |       |       |     8 ||     8
       Phantom mirror    |       |       |       |       |       |       |       |       |     2 ||     2
       Fan of gales      |       |       |       |       |       |       |       |       |     1 ||     1
  Use: Scroll            |     6 |     3 |     8 |     5 |    11 |    16 |    22 |       |    34 ||   105
       Potion            |       |       |       |       |     1 |     2 |     3 |     2 |    27 ||    35
 Stab: Paralysed         |       |       |       |     2 |       |    13 |       |       |       ||    15
       Distracted        |       |       |       |       |     5 |    22 |    14 |     3 |    52 ||    96
       Sleeping          |       |       |       |       |     5 |     8 |     5 |     1 |     6 ||    25
       Petrified         |       |       |       |       |     1 |       |       |       |     5 ||     6
       Confused          |       |       |       |       |       |     3 |       |       |       ||     3
       Invisible         |       |       |       |       |       |       |       |       |     6 ||     6
  Eat: Chunk             |     5 |     8 |    14 |    23 |    31 |    39 |    23 |    21 |    74 ||   238
       Fruit             |       |       |       |       |     9 |     2 |       |       |     4 ||    15
       Royal jelly       |       |       |       |       |     2 |     1 |     1 |       |     1 ||     5
       Meat ration       |       |       |       |       |       |     3 |     6 |     2 |     7 ||    18
Armor: Scale mail        |    69 |    67 |    75 |    34 |       |       |       |       |       ||   245
       Robe              |     1 |       |       |       |       |       |       |       |       ||     1
       Ring mail         |       |       |       |    55 |   264 |   530 |   194 |       |       ||  1043
       Fire dragon scale |       |       |       |       |       |       |   327 |   260 |  1159 ||  1746
Dodge: Dodged            |    72 |    77 |   121 |   188 |   741 |  1211 |  1150 |   589 |  2258 ||  6407
       Deflected         |       |       |       |       |       |       |       |       |    54 ||    54
Block: Other             |       |       |       |       |   109 |   136 |   156 |   142 |   502 ||  1045
       Reflection        |       |       |       |       |     2 |    11 |    12 |    11 |    19 ||    55
       Buckler           |       |       |       |       |       |   388 |   341 |       |       ||   729
       Rpst.: Falchion   |       |     1 |    25 |    52 |   181 |   261 |   133 |       |       ||   653
       Great sword       |       |       |       |       |       |       |   119 |   122 |   426 ||   667
